 Dungeon Crawl Stone Soup version 0.27-a0-686-gaed091b46b (webtiles) character file.

Game seed: 17189536002523568403

107 Lanoc the Ruffian (level 5, 0/39 HPs)
             Began as a Formicid Transmuter on Mar 20, 2021.
             Killed from afar by an orc wizard (11 damage)
             ... with a puff of flame
             ... on level 3 of the Dungeon.
             The game lasted 00:02:46 (2483 turns).

Lanoc the Ruffian (Formicid Transmuter)             Turns: 2483, Time: 00:02:47

Health: 0/39       AC:  2    Str: 14    XL:     5   Next: 11%
Magic:  6/8        EV: 16    Int: 14    God:
Gold:   56         SH:  0    Dex: 11    Spells: 5/8 levels left

rFire    . . .     SeeInvis +     - Unarmed
rCold    . . .     Faith    .   (no shield)
rNeg     . . .     Spirit   .   a - +0 robe
rPois    .         Reflect  .   (helmet unavailable)
rElec    .         Harm     .   (no cloak)
rCorr    .         Rampage  .   (no gloves)
Will     .....                  (boots currently unavailable)
Stlth    +.........             (no amulet)
HPRegen  0.13/turn              d - +4 ring of evasion
MPRegen  0.11/turn              (no ring)

@: appendages, wereblooded
A: talons 2, permanent stasis, dig shafts and tunnels, antennae 3, four strong
arms
a: Dig, Shaft Self, End Transformation


You were on level 3 of the Dungeon.
You had temporarily grown beastly talons.
You visited 1 branch of the dungeon, and saw 3 of its levels.

You collected 56 gold pieces.

Inventory:

Armour
 a - a +0 robe (worn)
Jewellery
 d - a +4 ring of evasion (right hand)
Scrolls
 b - a scroll of immolation {unknown}
 f - a scroll of identify {unknown}
Potions
 c - 2 potions of lignification {unknown}
 e - a potion of heal wounds


   Skills:
 + Level 2.3 Fighting
 + Level 2.5 Dodging
 * Level 4.1 Unarmed Combat
 - Level 2.1 Spellcasting
 + Level 3.0 Transmutations


You had 5 spell levels left.
You knew the following spells:

 Your Spells              Type           Power      Damage    Failure   Level
a - Beastly Appendage     Tmut           20%        N/A       7%          1
b - Wereblood             Tmut           10%        N/A       10%         2

Your spell library contained the following spells:

 Spells                   Type           Power      Damage    Failure   Level
 Spider Form              Tmut/Pois      2%         N/A       36%         3
 Ice Form                 Ice/Tmut       5%         N/A       77%         4
 Blade Hands              Tmut           5%         N/A       88%         5


Dungeon Overview and Level Annotations

Branches:
Dungeon (3/15)

Altars:
Fedhas

Shops:
D:2 :


Innate Abilities, Weirdness & Mutations

You have temporarily grown beastly talons.
You cannot be hasted, slowed, berserked, paralysed or teleported.
You can dig through walls and to a lower floor.
You have a pair of large antennae on your head. (SInv)
Your four strong arms can wield two-handed weapons with a shield.


Message History

You hit the orc wizard.
The orc wizard is heavily wounded.
The orc wizard points at you and mumbles some strange words.
The puff of flame hits you!
You barely miss the orc wizard. Your kick misses the orc wizard.
Your punch misses the orc wizard.
The orc wizard is heavily wounded.
The orc wizard gestures at you while chanting.
You are confused.
You are too confused!
You miss the orc wizard.
The orc wizard is heavily wounded.
The orc wizard points at you and mumbles some strange words.
The puff of flame hits you!
You closely miss the orc wizard. Your kick misses the orc wizard.
The orc wizard is heavily wounded.
The orc wizard barely misses you.
You hit the orc wizard.
The orc wizard is severely wounded.
The orc wizard closely misses you.
You barely miss the orc wizard.
The orc wizard is severely wounded.
Your talons disappear.
You feel less confused.
The orc wizard points at you and mumbles some strange words.
The magic dart hits you!
* * * LOW HITPOINT WARNING * * *
You closely miss the orc wizard.
The orc wizard is severely wounded.
The orc wizard closely misses you.
You barely miss the orc wizard.
The orc wizard is severely wounded.
The orc wizard completely misses you.
Casting: Wereblood (safe; 10% risk of failure)
Confirm with . or Enter, or press ? or * to list all spells.
Your feet morph into talons.
The orc wizard misses you.
You barely miss the orc wizard. You claw the orc wizard.
The orc wizard is almost dead.
The orc wizard gestures at you while chanting.
The puff of flame hits you!
You die...

......# .. ......#
.o. ##......# ...#
#.......# #..#
#.......#
##..###.......#
.##............#
###. #....o......#
#.. ####@.......#
#.# #..###..###
##.# #.## .# ##
#..#######.# .#
.#####.#.....##.# #
......†......†..#
..........)...###
...................
########.....####..


You could see an orc priest and an orc wizard.

Vanquished Creatures
  An orc priest (D:3)
  3 adders (D:2)
  2 worms (D:2)
  2 dart slugs (D:1)
  A leopard gecko (D:1)
  An orc (D:2)
  5 giant cockroaches
  2 goblins
  5 hobgoblins
  2 jackals (D:2)
  A quokka (D:1)
  2 ball pythons (D:2)
  4 bats
  A frilled lizard (D:1)
  A kobold (D:2)
  5 rats
38 creatures vanquished.

Notes
Turn   | Place    | Note
-------+----------+-------------------------------------------
     0 | D:1      | Lanoc the Formicid Transmuter began the quest for the Orb.
     0 | D:1      | Reached XP level 1. HP: 15/15 MP: 3/3
   305 | D:1      | Reached XP level 2. HP: 18/21 MP: 3/5
   678 | D:2      | Found Raivav's Book Shoppe.
   766 | D:2      | Reached XP level 3. HP: 15/26 MP: 6/6
  1473 | D:2      | Found a blossoming altar of Fedhas.
  1592 | D:2      | Reached XP level 4. HP: 29/33 MP: 5/7
  2019 | D:2      | Learned a level 2 spell: Wereblood
  2418 | D:3      | Reached skill level 4 in Unarmed Combat
  2418 | D:3      | Reached XP level 5. HP: 38/38 MP: 4/8
  2483 | D:3      | Killed from afar by an orc wizard

Illustrated notes

Levels and vault maps discovered:
D:1:      dpeg_arrival_simpleton_a, layout_basic, nrook_uturn
D:2:      layout_basic, fedhas_ov_isle_minmay, serial_shops, shop
D:3:      layout_rooms, uniq_ijyb

Skill      XL: |  1  2  3  4 |
---------------+-------------+-----
Dodging        | 2 |  2.5
Fighting       | 2 |  2.3
Unarmed Combat | 4 |  4.1
Transmutations | 3 |  3.0
Spellcasting   | |  2.1

Action                   |  1- 3 |  4- 6 || total
-------------------------+-------+-------++-------
Melee: Unarmed           |    83 |    66 ||   149
       Kick              |    17 |    17 ||    34
 Cast: Beastly Appendage |    19 |    12 ||    31
       Wereblood         |       |     2 ||     2
  Use: Potion            |     1 |       ||     1
Armor: Robe              |    20 |     6 ||    26
Dodge: Dodged            |    39 |    40 ||    79

Table legend: (Time is in decaauts)
 A = Elapsed time spent in this place.
 B = Non-inter-level travel time spent in this place.
 C = Inter-level travel time spent in this place.
 D = Time resting spent in this place.
 E = Time spent auto-exploring this place.
 F = Levels seen in this place.
 G = Mean time per level.
                   A        B        C        D        E       F      G
               +--------+--------+--------+--------+--------+-----+--------+
         Total |   2474 |   2441 |     33 |      0 |   2100 |   3 |  824.7 |
       Dungeon |   2474 |   2441 |     33 |      0 |   2100 |   3 |  824.7 |
               +--------+--------+--------+--------+--------+-----+--------+

Top non-repeatable levels by time:
     D:1: 1200 daAuts
     D:2: 1149 daAuts
     D:3: 124 daAuts
